 Dungeon Crawl Stone Soup version 0.30-a0-1163-gf69bf04e7a (webtiles) character file.

Game seed: 14390474775686372995

2487034 GloriousHammer the Gnoll Aeon (level 27, 223/228 HPs)
             Began as a Gnoll Cinder Acolyte on Apr 25, 2023.
             Was the Champion of Cheibriados.
             Escaped with the Orb
             ... and 5 runes on Apr 29, 2023!
             The game lasted 06:54:54 (101905 turns).

GloriousHammer the Gnoll Aeon (GnCA)              Turns: 101905, Time: 06:54:55

Health: 223/228    AC: 51    Str: 30      XL:     27
Magic:  37/37      EV: 25    Int: 44 (45) God:    Cheibriados [******]
Gold:   5747       SH: 22    Dex: 24      Spells: 5/66 levels left

rFire   + + +        a - +3 Elemental Staff {rElec rF+ rC+ AC+3}
rCold   + + .        k - +5 kite shield {rC+ rF+}
rNeg    . . .        K - +12 chain mail of Qazlal's Hope {Str+3}
rPois   +            L - +2 helmet
rElec   +            e - +2 cloak {Stlth+}
rCorr   .            n - +2 pair of gloves {hurl}
SInv    .            G - +2 pair of boots {Stlth+}
Will    +++..        h - amulet of Vitality {RegenMP++ Regen++}
Stlth   +++          o - ring of Kodiente {rF+ Will+ AC+4}
HPRegen 2.18/turn    A - ring "Noxzis" {Fly rElec rPois rF+ Int+4}
MPRegen 1.05/turn

%: no passive effects
@: flying, studying Necromancy, very slow
A: fangs 1, strong nose, distributed training, iridescent scales 1, fire
resistance 1, low MP 2, weak 1
0: Orb of Zot
}: 5/15 runes: decaying, slimy, silver, abyssal, gossamer
a: Renounce Religion, Bend Time, Temporal Distortion, Slouch, Step From Time


You escaped.
You worshipped Cheibriados.
Cheibriados was exalted by your worship.
You visited 12 branches of the dungeon, and saw 56 of its levels.
You visited the Abyss 1 time.
You visited 1 bazaar.
You also visited: Ossuary and Ice Cave.

You collected 11393 gold pieces.
You spent 5646 gold pieces at shops.

Inventory:

Hand Weapons
 a - the +3 Elemental Staff (weapon) {rElec rF+ rC+ AC+3}
   (You found it on level 13 of the Dungeon)

   It enhances your fire, ice, earth and air magic.
   AC:        It affects your AC (+3).
   rF:        It protects you from fire.
   rC:        It protects you from cold.
   rElec:     It insulates you from electricity.
 b - a +9 sacred scourge of holy wrath
 V - a +4 vampiric demon whip
Missiles
 x - 7 silver boomerangs
 y - 6 javelins
 C - a throwing net
 D - 4 silver javelins
Armour
 e - a +2 cloak of stealth (worn)
 k - a +5 kite shield of resistance (worn)
 n - a +2 pair of gloves of hurling (worn)
 G - a +2 pair of boots of stealth (worn)
 K - the +12 chain mail of Qazlal's Hope (worn) {Str+3}
   (You found it on level 3 of the Elven Halls)

   Str:       It affects your strength (+3).
 L - a +2 helmet (worn)
Jewellery
 h - the amulet of Vitality (around neck) {RegenMP++ Regen++}
   (You found it in an ice cave)

   [amulet of magic regeneration]

   It increases your rate of magic regeneration.
   Regen:     It increases your rate of health regeneration.
 o - the ring of Kodiente (left hand) {rF+ Will+ AC+4}
   (You found it in an ice cave)

   [ring of protection]

   AC:        It affects your AC (+4).
   rF:        It protects you from fire.
   Will:      It increases your willpower.
 v - a ring of see invisible
 w - the ring of the Mage {Wiz Archmagi}
   (You bought it in a shop in a bazaar)

   [ring of wizardry]

   It improves your spell success rate.
   Archmagi:  It increases the power of your magical spells.
 A - the ring "Noxzis" (right hand) {Fly rElec rPois rF+ Int+4}
   (You bought it in a shop on level 14 of the Dungeon)

   [ring of protection from fire]

   Int:       It affects your intelligence (+4).
   rF:        It protects you from fire.
   rElec:     It insulates you from electricity.
   rPois:     It protects you from poison.
   Fly:       It grants you flight.
 N - the ring of Cikuclywe {rElec rPois rN+ rCorr Int+4}
   (You found it on level 3 of the Crypt)

   [ring of positive energy]

   Int:       It affects your intelligence (+4).
   rElec:     It insulates you from electricity.
   rPois:     It protects you from poison.
   rN:        It protects you from negative energy.
   rCorr:     It protects you from acid and corrosion.
 Q - the ring of Tibium {rC++ rN+ Will+ Dex-4 Stlth+}
   (You found it on level 3 of the Crypt)

   [ring of positive energy]

   Dex:       It affects your dexterity (-4).
   rC:        It greatly protects you from cold.
   rN:        It protects you from negative energy.
   Will:      It increases your willpower.
   Stlth:     It makes you more stealthy.
Wands
 c - a wand of digging (25) (quivered)
 q - a wand of charming (64)
 s - a wand of roots (60)
 z - a wand of acid (18)
 R - a wand of mindburst (32)
 X - a wand of polymorph (25)
Scrolls
 d - 10 scrolls of immolation
 f - 5 scrolls of silence
 i - 11 scrolls of teleportation
 l - 3 scrolls of fog
 m - 6 scrolls of amnesia
 p - 6 scrolls of summoning
 r - a scroll of noise
 H - 8 scrolls of magic mapping
 S - 9 scrolls of fear
Potions
 j - 7 potions of heal wounds
 u - 28 potions of curing
 B - 7 potions of lignification
 E - 4 potions of mutation
 I - 6 potions of might
 J - 7 potions of brilliance
 O - 4 potions of invisibility
 U - 5 potions of resistance
 Y - 15 potions of ambrosia
 Z - 8 potions of cancellation
Miscellaneous
 t - a box of beasts
 F - a lightning rod (4/4)
 M - a phantom mirror
 P - a phial of floods
 T - a condenser vane


   Skills:
 + Level 21.0 Fighting
 + Level 20.2 Short Blades
 + Level 20.2 Long Blades
 + Level 20.2 Axes
 + Level 21.0 Maces & Flails
 + Level 20.2 Polearms
 + Level 20.2 Staves
 + Level 20.2 Ranged Weapons
 + Level 20.2 Throwing
 + Level 20.2 Armour
 + Level 20.2 Dodging
 + Level 20.2 Stealth
 + Level 20.2 Shields
 + Level 20.2 Unarmed Combat
 + Level 20.3 Spellcasting
 + Level 17.2 Conjurations
 + Level 17.2 Hexes
 + Level 17.2 Summonings
 + Level 21.4 Necromancy
 + Level 17.2 Translocations
 + Level 17.2 Transmutations
 + Level 18.0 Fire Magic
 + Level 17.2 Ice Magic
 + Level 17.2 Air Magic
 + Level 17.2 Earth Magic
 + Level 17.2 Poison Magic
 + Level 21.8 Invocations
 + Level 20.2 Evocations


You had 5 spell levels left.
You knew the following spells:

 Your Spells              Type           Power      Damage    Failure   Level
a - Statue Form           Tmut/Erth      92%        N/A       1%          6
b - Plasma Beam           Fire/Air       83%        2x1d110   1%          6
c - Borgnjor's Vile Clut  Necr/Erth      72%        N/A       0%          5
d - Wereblood             Tmut           100%       N/A       0%          2
e - Vhi's Electric Charg  Tloc/Air       100%       N/A       0%          3
f - Enfeeble              Hex            57%        N/A       1%          7
g - Summon Horrible Thin  Summ           57%        N/A       7%          8
i - Passwall              Tmut/Erth      100%       N/A       0%          2
j - Yara's Violent Unrav  Hex/Tmut       57%        3d22      1%          5
k - Arcjolt               Conj/Air       69%        1d79      1%          5
l - Sublimation of Blood  Necr           100%       N/A       0%          2
m - Blink                 Tloc           100%       N/A       0%          2
n - Maxwell's Capacitive  Air            69%        ∞         7%          8

Your spell library contained the following spells:

 Spells                   Type           Power      Damage    Failure   Level
 Apportation              Tloc           100%       N/A       0%          1
 Beastly Appendage        Tmut           100%       N/A       0%          1
 Kiss of Death            Conj/Necr      100%       2d13      0%          1
 Magic Dart               Conj           100%       1d8       0%          1
 Necrotise                Necr           100%       1d9       0%          1
 Sandblast                Erth           100%       2d20      0%          1
 Summon Small Mammal      Summ           100%       N/A       0%          1
 Lesser Beckoning         Tloc           100%       N/A       0%          2
 Momentum Strike          Conj/Tloc      100%       3d10      0%          2
 Poisonous Vapours        Pois/Air       100%       N/A       0%          2
 Scorch                   Fire           100%       2d9       0%          2
 Searing Ray              Conj           100%       2d8       0%          2
 Static Discharge         Conj/Air       100%       2-7/arc   0%          2
 Call Canine Familiar     Summ           100%       N/A       0%          3
 Confusing Touch          Hex            100%       N/A       0%          3
 Dazzling Flash           Conj/Hex       100%       N/A       0%          3
 Frozen Ramparts          Ice            100%       1d16      0%          3
 Gell's Gravitas          Tloc           100%       N/A       0%          3
 Hailstorm                Conj/Ice       100%       3d20      0%          3
 Ignite Poison            Fire/Tmut/Pois 100%       N/A       0%          3
 Inner Flame              Hex/Fire       100%       N/A       0%          3
 Mephitic Cloud           Conj/Pois/Air  100%       N/A       0%          3
 Ozocubu's Armour         Ice            100%       N/A       0%          3
 Portal Projectile        Hex/Tloc       100%       N/A       0%          3
 Spider Form              Tmut/Pois      100%       N/A       0%          3
 Stone Arrow              Conj/Erth      100%       3d13      0%          3
 Summon Guardian Golem    Hex/Summ       100%       N/A       0%          3
 Teleport Other           Tloc           100%       N/A       0%          3
 Tukima's Dance           Hex            100%       N/A       0%          3
 Vampiric Draining        Necr           100%       2d13      0%          3
 Volatile Blastmotes      Fire/Tloc      100%       2d18      0%          3
 Airstrike                Air            69%        2d(10-26) 0%          4
 Anguish                  Hex/Necr       60%        N/A       0%          4
 Animate Armour           Summ/Erth      100%       N/A       0%          4
 Animate Dead             Necr           100%       N/A       0%          4
 Cause Fear               Hex            57%        N/A       0%          4
 Dispel Undead            Necr           100%       3d31      0%          4
 Flame Wave               Conj/Fire      100%       2d21      0%          4
 Fulminant Prism          Conj/Hex       57%        3d25      0%          4
 Ice Form                 Ice/Tmut       100%       N/A       0%          4
 Iskenderun's Mystic Bla  Conj/Tloc      100%       2d19      0%          4
 Petrify                  Tmut/Erth      100%       N/A       0%          4
 Sticky Flame             Conj/Fire      100%       2d11      0%          4
 Summon Ice Beast         Ice/Summ       100%       N/A       0%          4
 Summon Lightning Spire   Summ/Air       100%       N/A       0%          4
 Agony                    Necr           100%       N/A       0%          5
 Alistair's Intoxication  Tmut/Pois      76%        N/A       1%          5
 Blade Hands              Tmut           57%        N/A       1%          5
 Fireball                 Conj/Fire      70%        3d26      1%          5
 Freezing Cloud           Conj/Ice/Air   82%        6-21      1%          5
 Irradiate                Conj/Tmut      57%        3d30      1%          5
 Iskenderun's Battlesphe  Conj           100%       2d15      1%          5
 Lee's Rapid Deconstruct  Erth           69%        3d31*     1%          5
 Silence                  Hex/Air        69%        N/A       1%          5
 Conjure Ball Lightning   Conj/Air       69%        3x3d26    1%          6
 Death Channel            Necr           62%        N/A       1%          6
 Dispersal                Tloc           57%        N/A       1%          6
 Eringya's Noxious Bog    Tmut/Pois      57%        N/A       1%          6
 Iron Shot                Conj/Erth      69%        9d13      1%          6
 Simulacrum               Ice/Necr       72%        N/A       1%          6
 Starburst                Conj/Fire      70%        6d18      1%          6
 Summon Cactus Giant      Summ           57%        N/A       1%          6
 Dragon Form              Tmut           57%        N/A       1%          7
 Malign Gateway           Summ/Tloc      57%        N/A       1%          7
 Ozocubu's Refrigeration  Ice            69%        4d22      1%          7
 Spellforged Servitor     Conj/Summ      57%        N/A       1%          7
 Storm Form               Tmut/Air       69%        N/A       1%          7
 Borgnjor's Revivificati  Necr           62%        N/A       1%          8
 Necromutation            Tmut/Necr      60%        N/A       3%          8
 Ignition                 Fire           70%        3d19      5%          8
 Discord                  Hex            57%        N/A       7%          8
 Disjunction              Tloc           57%        N/A       7%          8
 Lehudib's Crystal Spear  Conj/Erth      69%        10d16     7%          8
 Death's Door             Necr           62%        N/A       21%         9
 Dragon's Call            Summ           57%        N/A       73%         9
 Polar Vortex             Ice            69%        N/A       73%         9


Dungeon Overview and Level Annotations

Branches:
Dungeon (15/15)            Temple (1/1) D:7            Lair (5/5) D:8
  Swamp (4/4) Lair:3       Spider (4/4) Lair:3        Slime (5/5) Lair:4
    Orc (2/2) D:9             Elf (3/3) Orc:2        Vaults (5/5) D:14
  Crypt (3/3) Vaults:3       Tomb (0/3) Crypt:3      Depths (4/4) D:15
    Zot (5/5) Depths:4    Ossuary (visited)           IceCv (visited)

Altars:
Ashenzari
Cheibriados
Dithmenos
Elyvilon
Fedhas
Gozag
Hepliaklqana
Kikubaaqudgha
Makhleb
Nemelex Xobeh
Okawaru
Qazlal
Ru
Sif Muna
Trog
Uskayaw
Vehumet
Wu Jian
Xom
Yredelemnul
Zin
The Shining One
Jiyva
Lugonu

Shops:
D:3 *   D:4 !   D:13 *   D:14 *=(!   D:15 [   Orc:2 [*=   Elf:1 :   Vaults:4 *
Vaults:5 *   Depths:2 *

Portals:
Hell: Lair:5 Depths:1 Depths:2 Depths:3 Depths:4
Abyss: D:4 Depths:3
Pandemonium: Depths:2 Depths:4
Ziggurat: Depths:3

Annotations:
Swamp:4 1 exclusion


Innate Abilities, Weirdness & Mutations

You have very sharp teeth.
Your uncanny sense of smell can sniff out nearby items.
Your experience applies equally to all skills.
You are partially covered in iridescent scales. (AC +2)
Your flesh is heat resistant. (rF+)
Your magical capacity is very low. (-20% MP)
You are weak. (Str -2)


Message History

You are no longer corroded.
There is an escape hatch in the ceiling here.
A mysterious force pulls you upwards. The hatch slams shut behind you.
There is an open door here.
There is a stone staircase leading up here.
You fly upwards.
There is a stone staircase leading down here.
There is a stone staircase leading up, spattered with blood here.
You fly upwards.
There is a stone staircase leading down, spattered with blood here.
A chaos spawn comes into view.
Casting: Summon Horrible Things (dangerous; 7% risk of failure)
Confirm with . or Enter, or press ? or * to list all spells.
Casting: Plasma Beam (mildly dangerous; 1% risk of failure)
Press: ? - help, Dir - look around, f - activate You feel a strong surge of power!
You miscast Plasma Beam.
You are very lightly contaminated with residual magic.
Nothing appears to happen.
Casting: Plasma Beam (mildly dangerous; 1% risk of failure)
Confirm with . or Enter, or press ? or * to list all spells.
Casting: Plasma Beam (mildly dangerous; 1% risk of failure)
Press: ? - help, Dir - look around, f - activate You feel a strong surge of power!
The bolt of lightning hits the chaos spawn!!!!
You kill the chaos spawn!
Cheibriados thoroughly appreciates the change of pace.
The chaos spawn degenerates into a cloud of primal chaos!
(D) Dungeon (T) Temple (L) Lair (S) Swamp (N) Spider Nest (M) Slime Pits (O) Orcish Mines (E) Elven Halls (V) Vaults (C) Crypt (W) Tomb (U) Depths (H) Hell (Z) Zot
Where to? (Enter - D:1 @ (x,y), ? - help)
What level of the Dungeon? (default 1, ? - help) Terefi comes into view.
Terefi gestures at you.
A raging storm of fire appears!
The great blast of fire engulfs you! You partially resist.
You hear a loud, deep croak!
Your magical contamination has completely faded away. 2 fire vortices come into view.
Blink to where?
Press: ? - help, Dir - move target
As you read the scroll of blinking, it crumbles to dust.
The fire vortex moves out of view. x2
You fly upwards.
There is a stone staircase leading down here.
(D) Dungeon (T) Temple (L) Lair (S) Swamp (N) Spider Nest (M) Slime Pits (O) Orcish Mines (E) Elven Halls (V) Vaults (C) Crypt (W) Tomb (U) Depths (H) Hell (Z) Zot
Where to? (Enter - D:1 @ (x,y), ? - help)
What level of the Dungeon? (default 1, ? - help) HP restored.
There is a stone staircase leading up here.
You fly upwards.
There is a stone staircase leading down here.
There is a stone staircase leading up here.
You fly upwards.
There is a stone staircase leading down here.
There is a stone staircase leading up here.
You fly upwards.
There is a stone staircase leading down here.
There is a stone staircase leading up here.
You fly upwards.
There is a stone staircase leading down here.
A blizzard demon comes into view.
The blizzard demon gestures at you. The bolt of lightning misses you.
The blizzard demon gestures at you. The bolt of lightning misses you.
The blizzard demon gestures at you. The bolt of lightning hits you. You resist.
The blizzard demon gestures at you. The bolt of cold misses you.
The blizzard demon attacks as you move away!
The blizzard demon barely misses you. You block the blizzard demon's attack.
The blizzard demon waves its arms in wide circles.
The air twists around and strikes you! The blizzard demon barely misses you.
You block the blizzard demon's attack. The blizzard demon gestures at you.
The bolt of lightning hits you! You resist. The blizzard demon gestures at you.
The freezing blast engulfs you but does no damage.
The blizzard demon is engulfed in freezing vapours.
You are engulfed in freezing vapours.
You resist.
The blizzard demon is engulfed in freezing vapours.
The blizzard demon gestures at you. The freezing blast engulfs you. You resist.
There is an open door here.
Really fly into that cloud of freezing vapour?
Okay, then.
Really fly into that cloud of freezing vapour?
You are engulfed in freezing vapours.
You resist.
You block the blizzard demon's attack. x2
The blizzard demon gestures at you. The bolt of lightning misses you. x2
The blizzard demon gestures at you. The bolt of lightning misses you.
The bolt of lightning hits you! You resist.
There is a staircase leading out of the dungeon here.
You have escaped!

#.# #.# #.##..)# #.##.# #.#
#.# #.##...###.##.#
#.#####.## ##.##.#.....##.#
.........# #....###.......#
..#####..# ##.#..#..##..###
### #..# #.............#
#..# #.#####.#####.##
#..####.#°..#.#...#..#
#.......#.@2'.#...#..###
#...##..#°.°#.#...#....##
#...##..#####○##'##...#.##
#.....).....☼°○......###.##
#.#.###.##'##.#####.## ##..
#.#.....#...#.#...#..###.##
###
#.#..#..#.>.#.'...#.#.#..#
..#
###.#..##.#...#.#...#.##.#.#
#.#
#.........#####..####......#


You could see a blizzard demon.

Vanquished Creatures
  the Royal Jelly (Slime:5)
  Dissolution (Slime:2)
  4 dread liches
  11 orbs of fire
  5 ancient liches
  Mara (Depths:1)
  A juggernaut (Depths:4)
  2 pandemonium lords
  Sojobo (Crypt:3)
  Frederick (Vaults:4)
  Bai Suzhen (Vaults:2)
  Parghit (Depths:4)
  Saint Roka (Elf:2)
  Margery (Vaults:3)
  5 Killer Klowns
  A caustic shrike (Depths:2)
  6 curse toes
  8 golden dragons
  the Enchantress (Depths:1)
  2 electric golems (Zot:5)
  A Tzitzimitl (Depths:1)
  22 tentacled monstrosities
  A lich (Depths:2)
  The ghost of Vapuhis the Slayer, an adept MiFi of Okawaru (Zot:3)
  The ghost of Myrud the Warrior, an adept HOFi of Beogh (Elf:3)
  24 Orb Guardians
  5 titans
  A walking frostbound tome (Depths:2)
  2 deep elf blademasters (Elf:3)
  A deep elf master archer (Elf:3)
  9 quicksilver dragons
  12 acid blobs
  5 death cobs
  9 ancient champions
  5 sphinxes
  5 tentacled starspawn
  An Executioner (Zot:5)
  17 storm dragons
  Donald (Vaults:3)
  2 fenstrider witches (Swamp:4)
  6 shadow dragons
  5 tengu reavers
  4 revenants
  3 draconian monks
  8 azure jellies
  8 rockslimes
  4 fire giants
  Aizul (Depths:2)
  15 frost giants
  2 draconian knights
  4 draconian scorchers
  3 iron dragons
  5 ghost moths
  20 vault wardens
  2 emperor scorpions
  An emperor scorpion (shapeshifter) (Vaults:4)
  3 spectral caustic shrikes (Depths:3)
  9 deep elf sorcerers
  3 balrugs
  3 draconian stormcallers
  7 ghouls
  3 curse skulls
  A deep elf elementalist (Elf:3)
  4 orc warlords
  5 caustic shrike skeletons (Crypt:3)
  A juggernaut skeleton (Crypt:3)
  6 draconian annihilators
  18 quicksilver oozes
  20 ironbound preservers
  8 draconian shifters
  8 ironbound thunderhulks
  2 reapers
  3 war gargoyles
  7 spriggan defenders (Depths:1)
  4 vampire knights
  2 deep elf demonologists
  15 stone giants
  5 spark wasps
  3 eleionomae
  5 dire elephants
  Nessos (D:14)
  22 very ugly things
  5 deep elf annihilators
  8 black draconians
  Azrael (Orc:2)
  15 green draconians
  13 purple draconians
  9 red draconians
  8 white draconians
  6 bunyips
  9 yellow draconians
  Snorg (D:13)
  2 blizzard demons (Swamp:4)
  2 crystal guardians (Abyss:3)
  14 jiangshi
  12 ettins
  3 eidola (Crypt:2)
  A merfolk javelineer (Depths:4)
  9 great orbs of eyes
  5 deep elf high priests
  An entropy weaver (shapeshifter) (Elf:1)
  14 fire dragons
  8 yaktaur captains
  A great orb of eyes (shapeshifter) (Abyss:3)
  2 shambling mangroves (Swamp:4)
  2 rakshasas
  13 ice dragons
  The ghost of Zimovirch the Skirmisher, a journeyman HuWn of Gozag (D:12)
  8 entropy weavers
  31 vault guards
  4 ghost crabs (Swamp:4)
  12 hydras
  A hell beast (D:15)
  2 jorogumos
  A radroach (Spider:1)
  A catoblepas (Lair:5)
  5 two-headed ogres
  A spriggan skeleton (Crypt:1)
  2 ogre magi (Swamp:4)
  11 centaur warriors
  An anaconda (shapeshifter) (Depths:1)
  7 spriggan air magi
  A radroach (shapeshifter) (Elf:2)
  7 ironbound frosthearts
  A two-headed ogre (shapeshifter) (Vaults:5)
  A death yak (Lair:5)
  24 dancing weapons
  9 deep troll shamans
  7 tengu warriors
  9 deep troll earth magi
  A satyr (shapeshifter) (Abyss:3)
  6 boulder beetles
  3 alligators
  2 orc high priests
  12 thrashing horrors
  A shock serpent (shapeshifter) (Elf:1)
  6 vampire magi
  5 spriggan berserkers
  3 wretched stars
  3 titan skeletons
  19 hell knights
  41 skeletal warriors
  2 skysharks
  A storm dragon zombie (Crypt:2)
  13 deep elf knights
  3 soul eaters
  2 sun moths (Spider:4)
  5 sun demons
  6 pharaoh ants
  3 nameless horrors
  2 shadow wraiths
  3 goliath frogs
  Amaemon (Lair:3)
  10 iron trolls
  2 spriggan druids (Swamp:4)
  A death drake (shapeshifter) (Vaults:5)
  An anaconda zombie (Crypt:1)
  2 storm dragon skeletons (Crypt:2)
  5 bog bodies
  A glowing orange brain (shapeshifter) (Elf:2)
  4 flayed ghosts
  4 swamp dragons
  57 deep trolls
  An anaconda skeleton (Crypt:3)
  13 deep elf archers
  3 glowing orange brains
  5 orb spiders
  A deep troll (shapeshifter) (Vaults:5)
  14 ironbound convokers
  3 lindwurms (Vaults:1)
  An orange crystal statue (IceCv)
  A spriggan simulacrum (Crypt:2)
  6 harpies (Vaults:4)
  2 bunyip skeletons (Crypt:3)
  7 wizards
  5 steelbarb worms
  2 tengu zombies (Crypt:1)
  26 deep elf zephyrmancers
  12 phantasmal warriors
  A wolf spider (shapeshifter) (Abyss:3)
  13 necromancers
  5 orc sorcerers
  8 orc knights
  22 deep elf pyromancers
  An oklob plant (Lair:5)
  A shining eye (shapeshifter) (Depths:4)
  A mana viper (shapeshifter) (Vaults:3)
  A frost giant zombie (Vaults:5)
  A will-o-the-wisp (Swamp:1)
  2 shining eyes (Slime:2)
  27 moths of wrath
  A salamander (Depths:3)
  2 manticores
  41 ugly things
  5 cyclopes
  A moth of wrath (shapeshifter) (Vaults:3)
  A fire giant zombie (Crypt:1)
  9 wolf spiders
  10 elephants
  20 vault sentinels
  2 worldbinders
  A guardian serpent (shapeshifter) (Vaults:5)
  A rust devil (Depths:4)
  4 black mambas
  8 apocalypse crabs (Zot:2)
  5 storm dragon simulacra (IceCv)
  A spriggan zombie (Depths:1)
  6 torpor snails
  2 iron dragon skeletons (Crypt:3)
  2 titan simulacra
  An alligator snapping turtle zombie (Crypt:2)
  3 orange demons
  2 stone giant skeletons
  12 cane toads
  6 demonic crawlers
  8 smoke demons
  2 naga skeletons
  4 centaur skeletons
  A hellion (Zot:4)
  9 rime drakes
  2 gargoyles
  8 unseen horrors (Abyss:3)
  A yaktaur zombie (Vaults:5)
  A rime drake (shapeshifter) (Vaults:5)
  A cane toad (shapeshifter) (Abyss:3)
  3 komodo dragons
  An anaconda simulacrum (Crypt:3)
  An elf skeleton (Vaults:5)
  28 yaktaurs
  A black draconian skeleton (Crypt:3)
  An alligator snapping turtle skeleton (Crypt:3)
  A tormentor (Depths:4)
  5 freezing wraiths
  3 minotaur skeletons
  2 efreet
  A green draconian skeleton (Crypt:2)
  A red devil (Lair:5)
  A hydra zombie (Crypt:1)
  2 polar bears (Lair:5)
  6 golden dragon simulacra (IceCv)
  2 ice devils
  3 harpy zombies
  8 hellwings
  7 meliai
  6 trolls
  An iron troll skeleton (Crypt:1)
  3 hornets
  2 polar bears (shapeshifter)
  7 tyrant leeches
  12 tarantellas
  23 blink frogs
  A tarantella (shapeshifter) (Abyss:3)
  7 harpy skeletons
  An ettin zombie (Depths:1)
  3 raiju
  13 jumping spiders
  4 flying skulls
  61 slime creatures
  A shadow (D:11)
  6 spriggans
  48 yaks
  2 black mamba skeletons (Crypt:3)
  7 culicivoras
  7 water elementals
  4 air elementals
  4 fire bats
  3 vampires
  3 ynoxinuls
  4 wyverns
  18 fire elementals
  11 wraiths
  Eustachio (D:4)
  5 chaos spawn
  8 golden eyes
  3 basilisks
  Grum (D:8)
  The ghost of sirJeffrey23 the Shooter, an amateur DsHu (D:4)
  2 steam dragons
  8 starcursed masses
  5 neqoxecs
  22 redbacks
  6 large abominations
  Menkaure (D:5)
  4 vampire mosquitoes
  A skyshark zombie (Crypt:3)
  2 harpy simulacra (Crypt:3)
  A warg (Vaults:4)
  10 swamp worms
  4 hell hounds
  2 acid dragons
  A floating eye (Slime:4)
  20 water moccasins
  A merfolk skeleton (Crypt:2)
  19 orc warriors
  2 ice beasts
  3 sky beasts
  3 black bears
  2 swamp drakes
  An ettin simulacrum (Crypt:2)
  4 ice dragon simulacra (IceCv)
  12 small abominations
  A swamp dragon skeleton (Crypt:1)
  10 ogres
  A snapping turtle skeleton (Crypt:2)
  13 wolves
  4 boggarts
  A centaur (D:6)
  A rime drake zombie (Crypt:3)
  A manticore skeleton (Crypt:1)
  5 elf zombies (Ossuary)
  4 phantoms
  7 bullfrogs
  Blork the orc (D:4)
  A gnoll sergeant (D:8)
  An earth elemental (Elf:2)
  A naga simulacrum (Crypt:2)
  21 wights
  2 necrophages
  A wyvern skeleton (Crypt:3)
  6 killer bees (D:8)
  3 lindwurm simulacra (IceCv)
  A polar bear skeleton (Crypt:2)
  10 electric eels
  4 howler monkeys
  A crimson imp (Abyss:2)
  5 human zombies (Ossuary)
  9 centaur zombies
  4 hounds
  Crazy Yiuf (D:5)
  2 gnoll boudas
  2 jellies
  17 orc priests
  2 iguanas
  22 orc wizards
  2 killer bee zombies
  An ice beast zombie (Crypt:2)
  A hound skeleton (D:5)
  4 mummies
  7 adders
  9 gnolls
  5 shadow imps
  2 white imps
  5 ufetubi
  6 worms
  4 dart slugs
  62 orcs
  4 bats
  8 endoplasms
  2 giant cockroaches
  11 goblins
  8 hobgoblins
  3 jackals (D:1)
  5 quokkas
  6 ball pythons
  A dart slug zombie (Crypt:2)
  6 frilled lizards
  A goblin zombie (D:6)
  A jackal zombie (Crypt:2)
  8 kobolds
  A kobold zombie (Crypt:1)
  An orc zombie (D:6)
  A quokka zombie (Crypt:3)
  7 rats
  A river rat zombie (Crypt:1)
  A lurking horror (Abyss:3)
  3 plants (Zot:3)
2194 creatures vanquished.

Vanquished Creatures (collateral kills)
  An ancient lich (Zot:5)
  A dread lich (Vaults:5)
  Mennas (Vaults:4)
  Xtahua (Vaults:3)
  2 curse toes (Zot:5)
  A golden dragon (Depths:4)
  Arachne (Spider:4)
  Jorgrun (Spider:3)
  A deep elf blademaster (Elf:2)
  2 Orb Guardians (Zot:5)
  2 acid blobs
  A sphinx (Vaults:3)
  A storm dragon (Zot:2)
  A thorn hunter (Swamp:4)
  An azure jelly (Slime:5)
  A shadow dragon (Zot:5)
  A rockslime (Slime:5)
  Roxanne (Spider:3)
  3 fenstrider witches (Swamp:4)
  A frost giant (Depths:2)
  A vault warden (Vaults:2)
  A spectral caustic shrike (Depths:3)
  A ghost moth (Zot:5)
  A deep elf elementalist (Elf:3)
  A reaper (Abyss:1)
  2 ironbound preservers
  An ironbound thunderhulk (Vaults:1)
  A broodmother (Spider:3)
  A very ugly thing (Depths:1)
  A caustic shrike skeleton (Crypt:3)
  2 deep elf demonologists
  3 stone giants
  A vampire knight (Crypt:1)
  A green draconian (Zot:2)
  A yellow draconian (Zot:5)
  A purple draconian (Zot:5)
  2 white draconians (Depths:4)
  3 bunyips
  A shambling mangrove (Swamp:4)
  Josephine (D:11)
  A deep elf death mage (Elf:3)
  3 entropy weavers
  An ice dragon (IceCv)
  2 hydras
  2 fire dragons
  A vault guard (Vaults:3)
  A jorogumo (Spider:2)
  2 radroaches (Spider:4)
  3 boulder beetles
  A centaur warrior (D:15)
  3 alligators
  A death knight (D:13)
  A tengu warrior (D:15)
  3 two-headed ogres
  2 orc high priests (Orc:2)
  A spriggan berserker (Depths:4)
  A thrashing horror (Abyss:3)
  4 hell knights
  A wretched star (Abyss:2)
  A soul eater (Crypt:3)
  2 pharaoh ants
  2 orb spiders
  2 goliath frogs
  5 deep trolls
  3 spriggan druids
  3 wizards
  5 steelbarb worms
  2 ironbound convokers
  2 bog bodies
  2 swamp dragons
  4 orc sorcerers
  2 deep elf zephyrmancers (Elf:1)
  A manticore (D:15)
  3 orc knights
  A will-o-the-wisp (Swamp:3)
  10 wolf spiders
  12 ugly things
  3 shining eyes
  A moth of wrath (shapeshifter) (D:13)
  2 oklob plants (Lair:1)
  A moth of wrath (Zot:2)
  5 elephants
  A torpor snail (Spider:3)
  6 vault sentinels
  4 demonic crawlers
  A storm dragon simulacrum (IceCv)
  A black mamba (Lair:5)
  An orange demon (Lair:3)
  A cane toad (Lair:4)
  A freezing wraith (D:15)
  3 yaktaurs
  2 red devils (Lair:5)
  4 meliai
  3 trolls
  A hellwing (Swamp:4)
  9 tarantellas
  5 hornets
  4 blink frogs
  2 tyrant leeches (Swamp:3)
  A frost giant simulacrum (Depths:1)
  24 slime creatures
  10 jumping spiders
  A vampire (D:12)
  2 wyverns
  7 yaks
  2 culicivoras (Spider:2)
  2 spriggans
  A wraith (D:11)
  A chaos spawn (Swamp:4)
  3 golden eyes (Slime:3)
  3 neqoxecs
  3 fire elementals
  4 vampire mosquitoes
  A large abomination (Abyss:3)
  18 redbacks
  A warg (Vaults:5)
  3 swamp worms
  A hell hound (Lair:5)
  A swamp drake (Swamp:1)
  A glowing shapeshifter zombie (Depths:1)
  An ice beast (shapeshifter) (D:15)
  2 ice dragon simulacra (IceCv)
  2 ogres
  16 orc warriors
  A boggart (D:15)
  7 centaurs
  4 wolves
  5 starcursed masses (Abyss:2)
  2 wights (Crypt:3)
  3 howler monkeys (D:12)
  10 orc priests
  6 orc wizards
  A deep dwarf skeleton (Crypt:3)
  16 orcs
  A lurking horror (Abyss:3)
376 creatures vanquished.

Vanquished Creatures (others)
  A golden dragon (Zot:5)
  A storm dragon (Zot:5)
  A draconian stormcaller (Depths:4)
  A caustic shrike skeleton (Crypt:3)
  An alligator (Swamp:1)
  A deep troll (Vaults:1)
  A wizard (Vaults:4)
  A deep elf archer (Elf:3)
  A deep elf zephyrmancer (Elf:1)
  A deep elf pyromancer (Elf:1)
  A nameless horror (Zot:5)
  A troll (D:12)
  A bloated husk (Swamp:1)
  A ynoxinul (Depths:4)
  A vampire (D:9)
  A swamp worm (Swamp:4)
  A hell hound (Orc:2)
  An orc (D:9)
  A bush (Lair:4)
  42 foxfires
  30 fungi
  74 plants
  11 starspawn tentacles
  11 withered plants (D:9)
187 creatures vanquished.

Grand Total: 2757 creatures vanquished

Notes
Turn   | Place    | Note
-------+----------+-------------------------------------------
     0 | D:1      | GloriousHammer the Gnoll Cinder Acolyte began the quest for
                  | the Orb.
     0 | D:1      | Reached XP level 1. HP: 23/23 MP: 4/4
   177 | D:1      | Found a faded altar of an unknown god.
   246 | D:1      | Reached XP level 2. HP: 28/29 MP: 5/5
   555 | D:1      | Learned a level 2 spell: Scorch
   900 | D:1      | Reached XP level 3. HP: 31/35 MP: 7/7
  1136 | D:2      | Reached skill level 1 in Invocations
  1491 | D:2      | Reached skill level 1 in Short Blades
  1491 | D:2      | Reached skill level 1 in Long Blades
  1491 | D:2      | Reached skill level 1 in Axes
  1491 | D:2      | Reached skill level 1 in Polearms
  1491 | D:2      | Reached skill level 1 in Staves
  1491 | D:2      | Reached skill level 1 in Ranged Weapons
  1491 | D:2      | Reached skill level 1 in Throwing
  1491 | D:2      | Reached skill level 1 in Armour
  1491 | D:2      | Reached skill level 1 in Dodging
  1491 | D:2      | Reached skill level 1 in Stealth
  1491 | D:2      | Reached skill level 1 in Shields
  1491 | D:2      | Reached skill level 1 in Unarmed Combat
  1491 | D:2      | Reached skill level 1 in Evocations
  1989 | D:2      | Reached XP level 4. HP: 41/41 MP: 5/8
  2362 | D:3      | Found Afucoll's Assorted Antiques.
  2444 | D:3      | Bought a scroll labelled RAB DURULOXUGI for 28 gold pieces
  2444 | D:3      | Bought a scroll labelled JEXUGE QAMORI for 28 gold pieces
  2546 | D:3      | Reached skill level 1 in Conjurations
  2546 | D:3      | Reached skill level 1 in Hexes
  2546 | D:3      | Reached skill level 1 in Summonings
  2546 | D:3      | Reached skill level 1 in Necromancy
  2546 | D:3      | Reached skill level 1 in Translocations
  2546 | D:3      | Reached skill level 1 in Transmutations
  2546 | D:3      | Reached skill level 1 in Ice Magic
  2546 | D:3      | Reached skill level 1 in Air Magic
  2546 | D:3      | Reached skill level 1 in Earth Magic
  2546 | D:3      | Reached skill level 1 in Poison Magic
  2583 | D:3      | Found a basalt altar of Yredelemnul.
  2976 | D:3      | Reached XP level 5. HP: 47/47 MP: 6/9
  3567 | D:3      | Learned a level 3 spell: Inner Flame
  3570 | D:3      | Learned a level 2 spell: Passwall
  3622 | D:4      | Noticed a small abomination
  3670 | D:4      | Found a transporter.
  3674 | D:4      | Noticed Eustachio
  3687 | D:4      | Killed Eustachio
  3688 | D:4      | Reached XP level 6. HP: 45/53 MP: 1/11
  3718 | D:4      | Noticed a black bear
  3777 | D:4      | Killed a black bear
  3837 | D:4      | Found a transporter.
  3865 | D:4      | Found Tefiad's Distillery.
  3874 | D:4      | Reached XP level 7. HP: 60/60 MP: 4/12
  3968 | D:4      | Bought a potion of curing for 39 gold pieces
  4234 | D:4      | Noticed Blork the orc
  4234 | D:4      | Identified the +0 ring mail of Whack-A-Mole {MP+9 Str-5
                  | Slay+4}
  4289 | D:4      | Killed Blork the orc
  4566 | D:4      | Found a one-way gate to the infinite horrors of the Abyss.
  4566 | D:4      | Noticed sirJeffrey23's ghost (amateur DsHu)
  4630 | D:4      | Bought a potion of heal wounds for 65 gold pieces
  4633 | D:4      | Identified a scroll of acquirement
  4635 | D:4      | Acquired 618 gold pieces
  4637 | D:4      | Bought a potion of might for 52 gold pieces
  4637 | D:4      | Bought 2 potions of curing for 78 gold pieces
  4696 | D:3      | Bought a glass wand for 112 gold pieces
  4696 | D:3      | Bought a glowing buckler for 210 gold pieces
  4696 | D:3      | Bought an encrusted gold wand for 112 gold pieces
  4765 | D:5      | Entered Level 5 of the Dungeon
  4765 | D:5      | Noticed Menkaure
  4769 | D:5      | Killed Menkaure
  4962 | D:5      | Reached XP level 8. HP: 67/67 MP: 7/14
  5644 | D:5      | Found a burning altar of Makhleb.
  5911 | D:5      | Found a runed translucent door.
  5912 | D:5      | Noticed Crazy Yiuf
  6079 | D:5      | Killed Crazy Yiuf
  6215 | D:6      | Found a sand-covered staircase.
  6315 | Ossuary  | Entered an ossuary
  6581 | Ossuary  | Reached skill level 5 in Spellcasting
  6581 | Ossuary  | Reached XP level 9. HP: 65/73 MP: 13/16
  7190 | D:6      | Learned a level 2 spell: Wereblood
  7194 | D:6      | Learned a level 3 spell: Vhi's Electric Charge
  7233 | D:6      | Reached skill level 5 in Invocations
  8095 | D:7      | Found a sparkling altar of Nemelex Xobeh.
  8665 | D:7      | Reached skill level 5 in Short Blades
  8665 | D:7      | Reached skill level 5 in Long Blades
  8665 | D:7      | Reached skill level 5 in Axes
  8665 | D:7      | Reached skill level 5 in Polearms
  8665 | D:7      | Reached skill level 5 in Staves
  8665 | D:7      | Reached skill level 5 in Ranged Weapons
  8665 | D:7      | Reached skill level 5 in Throwing
  8665 | D:7      | Reached skill level 5 in Armour
  8665 | D:7      | Reached skill level 5 in Dodging
  8665 | D:7      | Reached skill level 5 in Stealth
  8665 | D:7      | Reached skill level 5 in Shields
  8665 | D:7      | Reached skill level 5 in Unarmed Combat
  8665 | D:7      | Reached skill level 5 in Evocations
  8666 | D:7      | Reached XP level 10. HP: 67/81 MP: 1/18
  8677 | D:7      | Found a broken altar of Ashenzari.
  9231 | D:7      | Found a staircase to the Ecumenical Temple.
  9401 | D:7      | Found an ancient bone altar of Kikubaaqudgha.
  9757 | Temple   | Entered the Ecumenical Temple
  9945 | D:8      | Noticed an elephant
  9946 | D:8      | Found a staircase to the Lair.
  9972 | D:7      | Killed an elephant
 10853 | D:8      | Noticed Grum
 11001 | D:8      | Killed Grum
 11973 | D:8      | Reached skill level 5 in Conjurations
 11973 | D:8      | Reached skill level 5 in Hexes
 11973 | D:8      | Reached skill level 5 in Summonings
 11973 | D:8      | Reached skill level 5 in Necromancy
 11973 | D:8      | Reached skill level 5 in Translocations
 11973 | D:8      | Reached skill level 5 in Transmutations
 11973 | D:8      | Reached skill level 5 in Ice Magic
 11973 | D:8      | Reached skill level 5 in Air Magic
 11973 | D:8      | Reached skill level 5 in Earth Magic
 11973 | D:8      | Reached skill level 5 in Poison Magic
 11973 | D:8      | Reached XP level 11. HP: 89/89 MP: 14/21
 13086 | D:9      | Noticed a two-headed ogre
 13094 | D:9      | Noticed a two-headed ogre
 13096 | D:9      | Killed a two-headed ogre
 13105 | D:9      | Killed a two-headed ogre
 13480 | D:9      | Found a staircase to the Orcish Mines.
 13557 | D:9      | Found a snail-covered altar of Cheibriados.
 14485 | Lair:1   | Entered Level 1 of the Lair of Beasts
 14487 | Lair:1   | Found a glowing golden altar of the Shining One.
 14743 | Lair:1   | Noticed an oklob plant
 14765 | Lair:1   | Reached XP level 12. HP: 60/97 MP: 2/23
 15787 | Lair:1   | Learned a level 3 spell: Confusing Touch
 15792 | Lair:1   | Learned a level 4 spell: Summon Lightning Spire
 15796 | Lair:1   | Learned a level 3 spell: Teleport Other
 17150 | Lair:1   | Reached skill level 10 in Fighting
 17150 | Lair:1   | Reached skill level 10 in Maces & Flails
 17287 | Lair:2   | Noticed a six-headed hydra
 17420 | Lair:2   | Noticed a boulder beetle
 18215 | Lair:2   | Killed a six-headed hydra
 18554 | Lair:2   | Killed a boulder beetle
 19372 | Lair:2   | Identified the +3 robe "Wemuuwne" {Dex+3}
 20036 | Lair:3   | Noticed Amaemon
 20058 | Lair:3   | Killed Amaemon
 20059 | Lair:3   | Reached XP level 13. HP: 79/104 MP: 8/25
 20152 | Lair:3   | Acquired a book of Unlife
 20726 | Lair:3   | Found a hole to the Spider Nest.
 20768 | Lair:3   | Found a staircase to the Swamp.
 21610 | Lair:3   | HP: 2/105 [water moccasin (6)]
 22013 | Lair:3   | Found a staircase to the Swamp.
 22744 | Lair:4   | Found a viscous altar of Jiyva.
 22744 | Lair:4   | Found a staircase to the Slime Pits.
 23339 | Lair:4   | Found an ornate altar of the Wu Jian Council.
 23968 | Lair:5   | Entered Level 5 of the Lair of Beasts
 24747 | Lair:5   | Reached XP level 14. HP: 113/113 MP: 20/27
 24806 | Lair:5   | Reached skill level 10 in Invocations
 25609 | Lair:5   | Found a blossoming altar of Fedhas.
 26107 | Lair:5   | Found a burning altar of Makhleb.
 26800 | Lair:5   | Reached skill level 10 in Spellcasting
 26824 | Lair:5   | Found a gateway to Hell.
 27877 | D:4      | Bought a potion of resistance for 130 gold pieces
 27877 | D:4      | Bought a potion of cancellation for 104 gold pieces
 28226 | D:4      | Killed sirJeffrey23's ghost
 28535 | D:10     | Entered Level 10 of the Dungeon
 29363 | D:10     | Found a glowing golden altar of the Shining One.
 29571 | D:10     | Found a stormy altar of Qazlal.
 29571 | D:10     | Found a shimmering blue altar of Sif Muna.
 29732 | D:10     | Identified the +12 dagger of Greed {holy, rCorr Int+3
                  | Stlth-}
 29898 | Orc:1    | Entered Level 1 of the Orcish Mines
 29899 | Orc:1    | Noticed an orc warlord
 30711 | Orc:1    | Learned a level 5 spell: Borgnjor's Vile Clutch
 30717 | Orc:1    | Learned a level 5 spell: Yara's Violent Unravelling
 30739 | D:9      | Fell from the grace of Ignis
 30739 | D:9      | Became a worshipper of Cheibriados the Contemplative
 30756 | Orc:2    | Entered Level 2 of the Orcish Mines
 31410 | Orc:2    | Reached * piety under Cheibriados
 31545 | Orc:2    | Noticed Azrael
 32342 | Orc:2    | Found a staircase to the Elven Halls.
 32604 | Orc:2    | Killed Azrael
 32605 | Orc:2    | Reached skill level 10 in Fire Magic
 32761 | Orc:2    | Reached ** piety under Cheibriados
 33244 | Orc:2    | Reached skill level 10 in Short Blades
 33244 | Orc:2    | Reached skill level 10 in Long Blades
 33244 | Orc:2    | Reached skill level 10 in Axes
 33244 | Orc:2    | Reached skill level 10 in Polearms
 33244 | Orc:2    | Reached skill level 10 in Staves
 33244 | Orc:2    | Reached skill level 10 in Ranged Weapons
 33244 | Orc:2    | Reached skill level 10 in Throwing
 33244 | Orc:2    | Reached skill level 10 in Armour
 33244 | Orc:2    | Reached skill level 10 in Dodging
 33244 | Orc:2    | Reached skill level 10 in Stealth
 33244 | Orc:2    | Reached skill level 10 in Shields
 33244 | Orc:2    | Reached skill level 10 in Unarmed Combat
 33244 | Orc:2    | Reached skill level 10 in Evocations
 34162 | Orc:2    | Found Moukkedev's Antique Armour Shoppe.
 34169 | Orc:2    | Found Fenuusig's General Store.
 34170 | Orc:2    | Found Hessif's Jewellery Shoppe.
 34171 | Orc:2    | Found Sijetsae's Magic Scroll Boutique.
 34181 | Orc:2    | Reached XP level 15. HP: 112/120 MP: 20/29
 34247 | Orc:2    | Bought a pair of boots for 130 gold pieces
 34989 | D:11     | Noticed Josephine
 34999 | D:11     | Killed Josephine
 35116 | D:11     | Reached *** piety under Cheibriados
 36001 | D:12     | Found a transporter.
 36033 | D:12     | Found a transporter.
 36050 | D:12     | Noticed Zimovirch's ghost (journeyman HuWn)
 36061 | D:12     | Reached **** piety under Cheibriados
 36209 | D:12     | Found a bloodstained altar of Trog.
 37674 | D:12     | Was forgiven by Ignis
 38171 | D:13     | Found the +3 Elemental Staff {rElec rF+ rC+ AC+3}
 38222 | D:13     | Found Zin's Purification Station.
 38222 | D:13     | Found a glowing silver altar of Zin.
 39171 | D:13     | Noticed Snorg
 39184 | D:13     | Killed Snorg
 40046 | D:14     | Found Kocim's Jewellery Emporium.
 40160 | D:14     | Noticed Nessos
 40164 | D:14     | Killed Nessos
 40367 | D:14     | Found Jonny's General Store.
 40573 | D:14     | Bought a potion of heal wounds for 75 gold pieces
 40573 | D:14     | Bought a wand of charming (2) for 72 gold pieces
 40961 | D:14     | Reached ***** piety under Cheibriados
 41227 | D:14     | Found a faded altar of an unknown god.
 41237 | D:14     | Found Zuiff's Distillery.
 41245 | D:14     | Bought a potion of brilliance for 52 gold pieces
 41256 | D:14     | Bought the ring "Noxzis" {Fly rElec rPois rF+ Int+4} for
                  | 537 gold pieces
 41316 | D:14     | Found Pepu's Weapon Shoppe.
 41413 | D:14     | Found a hide-covered altar of Uskayaw.
 41557 | D:14     | Found a gate to the Vaults.
 41756 | D:15     | Entered Level 15 of the Dungeon
 41776 | D:15     | Found Ushouru's Antique Armour Boutique.
 41785 | D:15     | Bought an embroidered hat for 273 gold pieces
 41844 | D:15     | Reached XP level 16. HP: 129/129 MP: 17/31
 42822 | D:15     | Found a staircase to the Depths.
 43203 | Orc:2    | Bought an amulet of magic regeneration for 390 gold pieces
 43364 | Swamp:1  | Entered Level 1 of the Swamp
 43616 | Swamp:1  | Reached ****** piety under Cheibriados
 45899 | Swamp:4  | Entered Level 4 of the Swamp
 46132 | D:14     | Bought a ring of positive energy for 200 gold pieces
 46386 | Swamp:4  | Noticed a fenstrider witch
 46389 | Swamp:4  | Reached XP level 17. HP: 137/137 MP: 22/33
 46457 | Swamp:4  | Reached skill level 10 in Conjurations
 46457 | Swamp:4  | Reached skill level 10 in Hexes
 46457 | Swamp:4  | Reached skill level 10 in Summonings
 46457 | Swamp:4  | Reached skill level 10 in Necromancy
 46457 | Swamp:4  | Reached skill level 10 in Translocations
 46457 | Swamp:4  | Reached skill level 10 in Transmutations
 46457 | Swamp:4  | Reached skill level 10 in Ice Magic
 46457 | Swamp:4  | Reached skill level 10 in Air Magic
 46457 | Swamp:4  | Reached skill level 10 in Earth Magic
 46457 | Swamp:4  | Reached skill level 10 in Poison Magic
 46457 | Swamp:4  | Noticed a tentacled monstrosity
 46474 | Swamp:4  | Killed a tentacled monstrosity
 46842 | Swamp:4  | Noticed a tentacled monstrosity
 46848 | Swamp:4  | Noticed a tentacled monstrosity
 46895 | Swamp:4  | Paralysed by an ogre mage for 3 turns
 46974 | Swamp:4  | Killed a tentacled monstrosity
 47520 | Swamp:4  | Killed a tentacled monstrosity
 48446 | Swamp:4  | Got a decaying rune of Zot
 48653 | Lair:3   | Learned a level 5 spell: Arcjolt
 48663 | Lair:3   | Learned a level 7 spell: Enfeeble
 48664 | Spider:1 | Entered Level 1 of the Spider Nest
 50516 | Spider:1 | Reached XP level 18. HP: 146/146 MP: 29/34
 52590 | Spider:3 | Identified Roxanne's Secrets of the Plateau
 52590 | Spider:3 | Noticed Roxanne
 53214 | Spider:3 | Killed Roxanne
 53906 | Spider:3 | Noticed Jorgrun
 53913 | Spider:3 | Killed Jorgrun
 54594 | D:12     | Killed Zimovirch's ghost
 55168 | Spider:4 | Entered Level 4 of the Spider Nest
 55581 | Spider:4 | Noticed Arachne
 56199 | Spider:4 | Killed Arachne
 57952 | Spider:4 | Got a gossamer rune of Zot
 58477 | Vaults:1 | Entered Level 1 of the Vaults
 58486 | Vaults:1 | Reached XP level 19. HP: 126/153 MP: 24/36
 58696 | Vaults:1 | Learned a level 6 spell: Statue Form
 59224 | Vaults:1 | Identified the +2 hand axe of the Unspeakable One {heavy,
                  | *Noise rF+ Int+4 SInv}
 60653 | Vaults:2 | Noticed Bai Suzhen
 60678 | Vaults:2 | Killed Bai Suzhen
 60688 | Vaults:2 | Paralysed by a great orb of eyes for 5 turns
 60708 | Vaults:2 | Reached skill level 15 in Fighting
 60708 | Vaults:2 | Reached skill level 15 in Maces & Flails
 61978 | Vaults:2 | Reached skill level 15 in Invocations
 62852 | Vaults:3 | Noticed Xtahua
 62858 | Vaults:3 | Paralysed by Xtahua for 5 turns
 62858 | Vaults:3 | Killed Xtahua
 62859 | Vaults:3 | Reached XP level 20. HP: 162/162 MP: 18/38
 63175 | Vaults:3 | Noticed Donald
 63182 | Vaults:3 | Killed Donald
 63549 | Vaults:3 | Noticed Margery
 63557 | Vaults:3 | Killed Margery
 64201 | Vaults:3 | Found a staircase to the Crypt.
 64201 | Vaults:3 | Found an ancient bone altar of Kikubaaqudgha.
 64202 | Vaults:3 | Found a basalt altar of Yredelemnul.
 64708 | Vaults:4 | Noticed Frederick
 64716 | Vaults:4 | Killed Frederick
 65306 | Vaults:4 | Found Pioter's General Store.
 65326 | Vaults:4 | Bought a scroll of enchant armour for 135 gold pieces
 65326 | Vaults:4 | Bought a scroll of fog for 72 gold pieces
 65534 | Vaults:4 | Noticed Mennas
 65556 | Vaults:4 | Killed Mennas
 66565 | Vaults:4 | Reached XP level 21. HP: 150/170 MP: 17/39
 67789 | Elf:1    | Entered Level 1 of the Elven Halls
 67798 | Elf:1    | Reached skill level 15 in Spellcasting
 68277 | Elf:1    | Paralysed by an air elemental for 1 turns
 68515 | Elf:1    | Found the +3 robe of Clouds {*Thunder rCloud rElec}
 68605 | Elf:1    | Found Gifro's Book Emporium.
 68610 | Elf:1    | Bought a book of Alchemy for 420 gold pieces
 68613 | Elf:1    | Learned a level 2 spell: Sublimation of Blood
 69250 | Elf:2    | Found a frozen archway.
 69275 | IceCv    | Entered an ice cave
 69999 | IceCv    | Found the amulet of Vitality {RegenMP++ Regen++}
 70168 | IceCv    | Noticed a golden dragon
 70184 | IceCv    | Killed a golden dragon
 70185 | IceCv    | Reached skill level 15 in Short Blades
 70185 | IceCv    | Reached skill level 15 in Long Blades
 70185 | IceCv    | Reached skill level 15 in Axes
 70185 | IceCv    | Reached skill level 15 in Polearms
 70185 | IceCv    | Reached skill level 15 in Staves
 70185 | IceCv    | Reached skill level 15 in Ranged Weapons
 70185 | IceCv    | Reached skill level 15 in Throwing
 70185 | IceCv    | Reached skill level 15 in Armour
 70185 | IceCv    | Reached skill level 15 in Dodging
 70185 | IceCv    | Reached skill level 15 in Stealth
 70185 | IceCv    | Reached skill level 15 in Shields
 70185 | IceCv    | Reached skill level 15 in Unarmed Combat
 70185 | IceCv    | Reached skill level 15 in Evocations
 70242 | IceCv    | Got the Textbook on the Serac
 70263 | IceCv    | Identified the ring of Kodiente {rF+ Will+ AC+4}
 70267 | IceCv    | Identified the ring of Generosity {AC+4 Dex+3}
 70709 | Elf:2    | Noticed Saint Roka
 70722 | Elf:2    | Killed Saint Roka
 70877 | Elf:2    | Found a runed translucent gate.
 70878 | Elf:2    | Found a runed translucent gate.
 70881 | Elf:2    | Found a runed translucent gate.
 71595 | Elf:3    | Entered Level 3 of the Elven Halls
 71720 | Elf:3    | Found a runed translucent door.
 71720 | Elf:3    | Noticed Myrud's ghost (adept HOFi)
 71988 | Elf:3    | Reached XP level 22. HP: 179/179 MP: 38/41
 72041 | Elf:3    | Paralysed by an air elemental for 1 turns
 72043 | Elf:3    | Paralysed by an air elemental for 1 turns
 72207 | Elf:3    | Found a gateway to a bazaar.
 72279 | Bazaar   | Entered a bazaar
 72293 | Bazaar   | Found Xovussu's Jewellery Shoppe.
 72293 | Bazaar   | Found Miock's Armour Emporium.
 72315 | Bazaar   | Found Matumergh's Armour Shoppe.
 72315 | Bazaar   | Found Pissyse's General Store.
 72319 | Bazaar   | Bought a ring of willpower for 275 gold pieces
 72338 | Bazaar   | Found Naolues's Assorted Antiques.
 72338 | Bazaar   | Found Petu's Book Emporium.
 72342 | Bazaar   | Bought a book of Spatial Translocations for 162 gold pieces
 72384 | Bazaar   | Upgraded the game from 0.30-a0-1160-g6e42c06551 to
                  | 0.30-a0-1161-g0704695555
 72387 | Bazaar   | Learned a level 2 spell: Blink
 72586 | Bazaar   | Bought the ring of the Mage {Wiz Archmagi} for 561 gold
                  | pieces
 72586 | Bazaar   | Found the ring of the Mage {Wiz Archmagi}
 72668 | Bazaar   | Bought a Grand Grimoire for 306 gold pieces
 72668 | Bazaar   | Bought a book of Power for 378 gold pieces
 72668 | Bazaar   | Bought a book of Chaos for 450 gold pieces
 72674 | Bazaar   | Bought a potion of heal wounds for 95 gold pieces
 72757 | Elf:3    | Killed Myrud's ghost
 73354 | Elf:3    | Reached skill level 15 in Necromancy
 73399 | Elf:3    | Got the Vellum of the Vile Summer
 73401 | Elf:3    | Identified the +10 battleaxe "Wity" {freeze, rPois Will+
                  | Dex+5}
 73410 | Elf:3    | Identified the +12 chain mail of Qazlal's Hope {Str+3}
 73592 | Elf:3    | Identified the +3 leather armour "Goamurap" {Will+ Int+2}
 73595 | Elf:3    | Got the Codex of the Shapeshifter and Glamour
 73598 | Elf:3    | Got the Vellum of the Fjord
 73757 | Elf:3    | Identified the +3 short sword of Tain {freeze, rPois MP+9
                  | Str+3 Int+3}
 74190 | Crypt:1  | Entered Level 1 of the Crypt
 76320 | Crypt:3  | Entered Level 3 of the Crypt
 76328 | Crypt:3  | Reached XP level 23. HP: 187/187 MP: 43/43
 76713 | Crypt:3  | Identified the ring of Mimig {rC++ rN+ Int-2 Dex+3 Slay+3}
 76713 | Crypt:3  | Identified the ring of Tibium {rC++ rN+ Will+ Dex-4 Stlth+}
 76713 | Crypt:3  | Identified the ring of Cikuclywe {rElec rPois rN+ rCorr
                  | Int+4}
 76794 | Crypt:3  | Noticed Sojobo
 76804 | Crypt:3  | Killed Sojobo
 77040 | Crypt:3  | Noticed a curse toe
 77045 | Crypt:3  | Killed a curse toe
 77258 | Crypt:3  | Found a staircase to the Tomb.
 77693 | Crypt:3  | Identified the staff of air "Houst" {rElec rC+ MP+9 Dex+2}
 77711 | Crypt:3  | Noticed an ancient lich
 77724 | Crypt:3  | Killed an ancient lich
 77741 | Crypt:3  | Got the Papyrus of the Vitriolic Burn
 78103 | Depths:1 | Entered Level 1 of the Depths
 78329 | Depths:1 | Noticed the Enchantress
 78335 | Depths:1 | Noticed Mara
 78339 | Depths:1 | Killed the Enchantress
 78339 | Depths:1 | Killed Mara
 78533 | Depths:1 | Reached skill level 15 in Fire Magic
 78616 | Depths:1 | Found an iron altar of Okawaru.
 79036 | Depths:2 | Reached XP level 24. HP: 175/197 MP: 39/43
 79118 | Depths:2 | Learned a level 8 spell: Maxwell's Capacitive Coupling
 79118 | Depths:2 | Noticed Aizul
 79131 | Depths:2 | Killed Aizul
 79399 | Depths:2 | Found Lubi's General Store.
 79407 | Depths:2 | Bought a scroll of blinking for 105 gold pieces
 79439 | Depths:2 | Found a one-way gate leading to the halls of Pandemonium.
 79465 | Depths:2 | Noticed a caustic shrike
 79484 | Depths:2 | Killed a caustic shrike
 79545 | Depths:2 | Identified the +11 sling "Osoan" {heavy, Int+3}
 79735 | Depths:2 | Found a sparkling altar of Nemelex Xobeh.
 80631 | Depths:3 | Found a one-way gateway to a ziggurat.
 80821 | Depths:3 | Found a corrupted altar of Lugonu.
 81388 | Depths:4 | Entered Level 4 of the Depths
 81562 | Depths:4 | Found a white marble altar of Elyvilon.
 81664 | Depths:4 | Got Tuymp's Almanac of Sidekicks and Imprecation
 81773 | Depths:4 | Noticed a juggernaut
 81784 | Depths:4 | Killed a juggernaut
 81937 | Depths:4 | Found a gate to the Realm of Zot.
 82174 | Depths:4 | Noticed Parghit
 82237 | Depths:4 | Reached XP level 25. HP: 198/204 MP: 34/44
 82949 | Depths:4 | Killed Parghit
 83148 | Depths:4 | Identified the +5 spear "Ibotinitty" {drain, rN++ Will+
                  | Str-5 SInv}
 83477 | Depths:3 | Voluntarily entered the Abyss.
 83568 | Abyss:1  | Gained mutation: Your body sometimes deteriorates upon
                  | taking damage. [a neqoxec]
 84066 | Abyss:2  | Noticed a dread lich
 84073 | Abyss:2  | Killed a dread lich
 84253 | Abyss:2  | Found a stormy altar of Qazlal.
 84336 | Abyss:2  | Found a corrupted altar of Lugonu.
 84346 | Abyss:2  | Gained mutation: You are frail. (-10% HP) [a neqoxec]
 84446 | Abyss:3  | Upgraded the game from 0.30-a0-1161-g0704695555 to
                  | 0.30-a0-1163-gf69bf04e7a
 84522 | Abyss:3  | Reached skill level 15 in Conjurations
 84522 | Abyss:3  | Reached skill level 15 in Hexes
 84522 | Abyss:3  | Reached skill level 15 in Summonings
 84522 | Abyss:3  | Reached skill level 15 in Translocations
 84522 | Abyss:3  | Reached skill level 15 in Transmutations
 84522 | Abyss:3  | Reached skill level 15 in Ice Magic
 84522 | Abyss:3  | Reached skill level 15 in Air Magic
 84522 | Abyss:3  | Reached skill level 15 in Earth Magic
 84522 | Abyss:3  | Reached skill level 15 in Poison Magic
 84639 | Abyss:3  | Got an abyssal rune of Zot
 84727 | Abyss:3  | Gained mutation: You are very frail. (-20% HP) [a neqoxec]
 84749 | Abyss:3  | Found a corrupted altar of Lugonu.
 84754 | Abyss:3  | Paralysed by an air elemental for 1 turns
 84772 | Depths:3 | Escaped the Abyss
 84977 | Depths:3 | Lost mutation: You are very frail. (-20% HP) [potion of
                  | mutation]
 84977 | Depths:3 | Lost mutation: You are frail. (-10% HP) [potion of
                  | mutation]
 84977 | Depths:3 | Gained mutation: You have extremely sharp teeth. [potion of
                  | mutation]
 84977 | Depths:3 | Gained mutation: You are strong-willed. (Will+) [potion of
                  | mutation]
 85105 | Depths:3 | Learned a level 8 spell: Summon Horrible Things
 85346 | Vaults:5 | Entered Level 5 of the Vaults
 85420 | Vaults:5 | Noticed an ancient lich
 85434 | Vaults:5 | Killed an ancient lich
 85657 | Vaults:4 | Reached XP level 26. HP: 213/213 MP: 45/45
 85667 | Vaults:5 | Identified the +2 longbow of Wefuoloq {drain, rPois rF+
                  | Will+ Dex-3}
 86028 | Vaults:5 | Noticed an ancient lich
 86335 | Vaults:5 | Identified the +2 falchion of Luxury {speed, Str+2}
 86348 | Vaults:5 | Identified the +0 robe "Yschunk" {rPois rCorr}
 86395 | Vaults:5 | Identified the ring of Psychosis {rC- rCorr Str+2 Dex+4}
 86396 | Vaults:5 | Got a silver rune of Zot
 86402 | Vaults:5 | Identified the +1 pair of gloves of an ossuary {Drain rC++
                  | Dex+2 Stlth+}
 86561 | Vaults:5 | Noticed an ancient lich
 86585 | Vaults:5 | Killed an ancient lich
 86605 | Vaults:5 | Killed an ancient lich
 86802 | Vaults:5 | Noticed a dread lich
 86812 | Vaults:5 | Killed a dread lich
 86881 | Vaults:5 | Identified the +0 chain mail of Beits {Will+ Slay+3}
 87061 | Vaults:5 | Identified the +1 leather armour of Minor Irritation {Harm
                  | Str+2 Dex+4}
 87268 | Vaults:5 | Identified the +8 trident of Discomfort {elec, Int+2}
 87559 | Vaults:5 | Found Ezuadwem's General Store.
 88083 | Slime:1  | Entered Level 1 of the Pits of Slime
 88617 | Slime:2  | Noticed Dissolution
 88624 | Slime:2  | Paralysed by a floating eye for 2 turns
 88633 | Slime:2  | Killed Dissolution
 88638 | Slime:2  | Gained mutation: Your body often deteriorates upon taking
                  | damage. [a shining eye]
 89986 | Slime:5  | Entered Level 5 of the Pits of Slime
 90302 | Slime:5  | Noticed the Royal Jelly
 90313 | Slime:5  | Reached XP level 27. HP: 222/222 MP: 21/45
 90316 | Slime:5  | Killed the Royal Jelly
 90359 | Slime:5  | Gained mutation: Your magical capacity is low. (-10% MP) [a
                  | shining eye]
 90359 | Slime:5  | Gained mutation: You sometimes lose your temper in combat.
                  | [a shining eye]
 90366 | Slime:5  | Gained mutation: You occasionally lose the ability to drink
                  | potions when taking damage. [a shining eye]
 90397 | Slime:5  | Lost mutation: You occasionally lose the ability to drink
                  | potions when taking damage. [potion of mutation]
 90397 | Slime:5  | Lost mutation: Your body often deteriorates upon taking
                  | damage. [potion of mutation]
 90397 | Slime:5  | Gained mutation: You are agile. (Dex +4, Str/Int -1)
                  | [potion of mutation]
 90397 | Slime:5  | Gained mutation: You are resistant to electric shocks.
                  | (rElec) [potion of mutation]
 90398 | Slime:5  | Lost mutation: You have extremely sharp teeth. [potion of
                  | mutation]
 90398 | Slime:5  | Lost mutation: You are resistant to electric shocks.
                  | (rElec) [potion of mutation]
 90398 | Slime:5  | Gained mutation: Your mind is acute. (Int +4, Str/Dex -1)
                  | [potion of mutation]
 90398 | Slime:5  | Gained mutation: You have hidden genetic potential. [potion
                  | of mutation]
 90427 | Slime:5  | Identified the +4 whip of the Living Dead {freeze, rF- rC++
                  | Str+6}
 90431 | Slime:5  | Identified the +0 scale mail of Infinity {Str+5}
 90433 | Slime:5  | Identified the +4 morningstar "Kimeq" {vamp, Will+ Str+5
                  | Dex+2}
 90478 | Slime:5  | Got a slimy rune of Zot
 90496 | Slime:5  | Identified the ring "Xerarch" {*Slow Fly rC++ Str+7}
 90538 | Slime:5  | Identified the +1 flail "Killer Bee's Death" {freeze, rElec
                  | rN+ Str+4}
 90576 | Slime:5  | Identified the +8 quarterstaff "Taqoeg" {heavy, rF+}
 90579 | Slime:5  | Identified the +10 hand axe of Fiameu {flame, rElec rF+
                  | Int+3 Dex-4}
 91222 | Elf:2    | Lost mutation: Your body sometimes deteriorates upon taking
                  | damage. [potion of mutation]
 91222 | Elf:2    | Lost mutation: You are agile. (Dex +4, Str/Int -1) [potion
                  | of mutation]
 91222 | Elf:2    | Gained mutation: You occasionally lose the ability to drink
                  | potions when taking damage. [potion of mutation]
 91223 | Elf:2    | Lost mutation: Your mind is acute. (Int +4, Str/Dex -1)
                  | [potion of mutation]
 91223 | Elf:2    | Lost mutation: You occasionally lose the ability to drink
                  | potions when taking damage. [potion of mutation]
 91223 | Elf:2    | Lost mutation: You have hidden genetic potential. [potion
                  | of mutation]
 91223 | Elf:2    | Gained mutation: You are agile. (Dex +4, Str/Int -1)
                  | [potion of mutation]
 91223 | Elf:2    | Lost mutation: Your magical capacity is low. (-10% MP)
                  | [potion of mutation]
 91224 | Elf:2    | Lost mutation: You sometimes lose your temper in combat.
                  | [potion of mutation]
 91224 | Elf:2    | Lost mutation: You are strong-willed. (Will+) [potion of
                  | mutation]
 91224 | Elf:2    | Lost mutation: You are agile. (Dex +4, Str/Int -1) [potion
                  | of mutation]
 91224 | Elf:2    | Gained mutation: You have sharp toenails. [potion of
                  | mutation]
 91564 | Zot:1    | Entered Level 1 of the Realm of Zot
 91587 | Depths:4 | Learned a level 6 spell: Plasma Beam
 91814 | Zot:1    | Identified the +8 dagger of Bufosm {holy, MP+9 Str+4 Int-5
                  | Dex+3}
 92572 | Zot:2    | Noticed an orb of fire
 92578 | Zot:2    | Killed an orb of fire
 93583 | Zot:2    | Acquired a Necronomicon
 93597 | Zot:2    | Identified the +3 ring mail of Hysteria {rPois rF+ rC+}
 93789 | Zot:3    | Noticed Vapuhis's ghost (adept MiFi)
 93797 | Zot:3    | Found a runed translucent gate.
 93797 | Zot:3    | Found a runed translucent gate.
 93836 | Zot:3    | Found a runed translucent gate.
 95342 | Zot:3    | Killed Vapuhis's ghost
 95373 | Zot:3    | Identified the +5 quarterstaff of Plunder {antimagic, rElec
                  | rPois Will+ Str-3}
 96361 | Zot:4    | Noticed an orb of fire
 96372 | Zot:4    | Killed an orb of fire
 97189 | Zot:5    | Entered Level 5 of the Realm of Zot
 97660 | Zot:5    | Noticed a dread lich
 97664 | Zot:5    | Noticed a dread lich
 97664 | Zot:5    | Noticed an orb of fire
 97664 | Zot:5    | Noticed an orb of fire
 97666 | Zot:5    | Noticed an orb of fire
 97667 | Zot:5    | Noticed an orb of fire
 97667 | Zot:5    | Noticed an ancient lich
 97667 | Zot:5    | Noticed an orb of fire
 97668 | Zot:5    | Noticed an orb of fire
 97668 | Zot:5    | Noticed an orb of fire
 97669 | Zot:5    | Noticed an orb of fire
 97669 | Zot:5    | Paralysed by a dread lich for 4 turns
 97671 | Zot:5    | Noticed an orb of fire
 97679 | Zot:5    | Noticed a dread lich
 97681 | Zot:5    | Noticed an ancient lich
 97682 | Zot:5    | Gained mutation: Your magical capacity is low. (-10% MP)
                  | [an orb of fire]
 97730 | Zot:5    | Gained mutation: You are frail. (-10% HP) [an orb of fire]
 97731 | Zot:5    | Killed an orb of fire
 97743 | Zot:5    | Gained mutation: You are very frail. (-20% HP) [an orb of
                  | fire]
 97755 | Zot:5    | Killed an orb of fire
 97822 | Zot:5    | Lost mutation: You are very frail. (-20% HP) [potion of
                  | mutation]
 97822 | Zot:5    | Lost mutation: You are frail. (-10% HP) [potion of
                  | mutation]
 97822 | Zot:5    | Gained mutation: You are frail. (-10% HP) [potion of
                  | mutation]
 97822 | Zot:5    | Gained mutation: You are covered in fur. (AC +1) [potion of
                  | mutation]
 97863 | Zot:5    | Killed an ancient lich
 98055 | Zot:5    | Killed an orb of fire
 98251 | Zot:5    | Killed a dread lich
 98413 | Zot:5    | Gained mutation: Your magical capacity is very low. (-20%
                  | MP) [an orb of fire]
 98418 | Zot:5    | Killed an orb of fire
 98486 | Zot:5    | Killed an orb of fire
 98613 | Zot:5    | Lost mutation: You are covered in fur. (AC +1) [potion of
                  | mutation]
 98613 | Zot:5    | Lost mutation: You have sharp toenails. [potion of
                  | mutation]
 98613 | Zot:5    | Lost mutation: You are frail. (-10% HP) [potion of
                  | mutation]
 98613 | Zot:5    | Gained mutation: Your flesh is heat resistant. (rF+)
                  | [potion of mutation]
 98613 | Zot:5    | Gained mutation: You are partially covered in iridescent
                  | scales. (AC +2) [potion of mutation]
 99052 | Zot:5    | Killed an ancient lich
 99175 | Zot:5    | Killed an orb of fire
 99196 | Zot:5    | Killed an orb of fire
 99331 | Zot:5    | Killed an orb of fire
 99493 | Zot:5    | Killed a dread lich
 99551 | Zot:5    | Killed a dread lich
 99694 | Zot:5    | Killed an orb of fire
101364 | Zot:5    | Got the Orb of Zot
101376 | Zot:5    | Noticed a seraph
101533 | Zot:1    | Noticed Vuhyih the pandemonium lord
101536 | Zot:1    | Gained mutation: You are weak. (Str -2) [a neqoxec]
101554 | Depths:4 | Killed Vuhyih the pandemonium lord
101615 | Depths:1 | Noticed Kutyss the pandemonium lord
101621 | Depths:1 | Killed Kutyss the pandemonium lord
101818 | D:6      | Noticed Terefi the pandemonium lord
101905 | D:$      | Escaped with the Orb!

Illustrated notes

Levels and vault maps discovered:
D:1:      minmay_arrival_four_houses, layout_loops_ring,
          hellmonk_ecumenical_altar_dog_temple
D:2:      wander_river, layout_loops_ring, minmay_tetromino_t4
D:3:      layout_loops_cross, lemuel_doored_altar, serial_shops, shop
D:4:      layout_rooms, gammafunk_ghost_abyssal_escape,
          kennysheep_windowed_goal, uniq_eustachio, uniq_blork_the_orc
D:5:      layout_basic, makhleb_blood_cavern_becter, uniq_crazy_yiuf_cottage,
          uniq_menkaure
D:6:      layout_basic, nicolae_ossuary_entry_giza
D:7:      layout_cave_pools, mainiacjoe_overflow_catch_the_wave,
          evilmike_ruin_ashenzari, minmay_temple_entry_crystal_x,
          columned_hall_lemuel
D:8:      layout_gridville, david_lair_generic, uniq_grum
D:9:      cheibrodos_grave_circle, layout_loops_ring, cheibriados_altar_1,
          orc_0_dummy, serial_undead, serial_undead_f, serial_undead_b,
          serial_undead_e, serial_undead_e, serial_undead_c,
          hangedman_abyss_or_decor_slice, minmay_chambers_of_fives
D:10:     layout_irregular_city, mainiacjoe_overflow_six_doors_small,
          gammafunk_temple_overflow_elements, serial_bayou, serial_bayou_pond_a,
          serial_bayou_shore_a, serial_bayou_pond_e, serial_bayou_lagoon_a,
          serial_bayou_lake_a
D:11:     layout_loops_ring, uniq_josephine
D:12:     layout_irregular_city, gammafunk_ghost_wrathful_warriors,
          moated_statue
D:13:     layout_loops_ring, zin_purify, uniq_snorg
D:14:     lemuel_ice_spiral_2, layout_irregular_city, david_vaults_1,
          serial_column_ruins, column_ruins_temple_circle, column_ruins_hut,
          column_ruins_columns_corner, column_ruins_open_small,
          column_ruins_corridor_straight, column_ruins_columns_corner,
          column_ruins_corridor_straight, column_ruins_grid_1,
          column_ruins_open_medium, serial_shops, shop,
          nicolae_shop_hallway_stairs, nicolae_shop_waterfront,
          nicolae_shop_statue_plus, nicolae_uskayaw_dance_hall, uniq_nessos
D:15:     grunt_enter_depths_hoard, layout_gridville, serial_shops,
          nicolae_shop_waterfront
Temple:   hellmonk_temple_forest_ring
Lair:1:   minmay_lair_oklob_chamber, layout_layer_cave, basic_altar,
          wad_woods_03
Lair:2:   layout_gridlike, grunt_megastairs_4
Lair:3:   layout_big_grid, swamp_mist_pool, dummy_spider_entry,
          lemuel_fruit_tree, lemuel_fruit_fields, uniq_amaemon
Lair:4:   layout_misc_corridors, dpeg_slime_entry_enclosed, basic_altar,
          serial_bayou_shore_b
Lair:5:   evil_forest, layout_concentric_octagons, tgw_fedhas
Swamp:1:  layout_basic_swamp, evilmike_swamp_ruin_rubble_1
Swamp:2:  layout_falls_marsh, nicolae_swamp_fairy_circle
Swamp:3:  layout_basic_swamp, nicolae_swamp_feature_on_the_river_bank
Swamp:4:  nzn_swamp_witches_coven, layout_basic_swamp
Spider:1: nicolae_spider_hilbert_zone_2 [nicolae_spider_hilbert_4_sides_1_open,
          nicolae_spider_hilbert_4_sides_1_open,
          nicolae_spider_hilbert_4_sides_1_open,
          nicolae_spider_hilbert_4_sides_1_open,
          nicolae_spider_hilbert_6_sides_1_open,
          nicolae_spider_hilbert_6_sides_1_open,
          nicolae_spider_hilbert_3_sides_1_open,
          nicolae_spider_hilbert_3_sides_1_open,
          nicolae_spider_hilbert_3_sides_1_open,
          nicolae_spider_hilbert_3_sides_1_open,
          nicolae_spider_hilbert_6_sides_1_open,
          nicolae_spider_hilbert_6_sides_1_open,
          nicolae_spider_hilbert_6_sides_1_open,
          nicolae_spider_hilbert_6_sides_1_open]
Spider:2: layout_spider_delve
Spider:3: layout_spider_delve, spiders_nest_ghost_moth_duel, uniq_roxanne,
          uniq_jorgrun
Spider:4: hellmonk_spider_rune_bug_friends, drop_trap, uniq_arachne
Slime:1:  layout_caves, nicolae_slime_phagocytosis
Slime:2:  layout_caves, dissolution_awaits
Slime:3:  layout_caves
Slime:4:  layout_caves
Slime:5
Orc:1:    layout_caves
Orc:2:    st_orc_elflike, layout_caves, uniq_azrael
Elf:1:    layout_loops_corners, serial_shops, nicolae_book_shop_shelving,
          minivault_28
Elf:2:    elven_hall_of_blades_hangedman_original
          [nicolae_blade_entry_floor_patterns], layout_loops_cross,
          portal_ice_cave_entry_dragon, uniq_saint_roka
Elf:3:    minmay_elf_hall_dome, layout_onion_city, serial_shops,
          bzr_entry_water, hellmonk_ghost_happy_afterlife
Vaults:1: nicolae_vaults_oval_intersection, nicolae_vaults_diamond_1,
          nicolae_vaults_stairing_the_circle, v_misc_11,
          vaults_room_glass_cross, nicolae_vaults_variable_pillar_hall,
          vaults_dpeg_emergency_exit, hangedman_vaults_nails, v_alt_pattern_1,
          nicolae_vaults_sealed_display, nicolae_vaults_weapon_check,
          ontoclasm_vaults_ring_square, layout_vaults_omnicross
Vaults:2: nicolae_vaults_twisting_passages, st_cells, grunt_vaults_swirl,
          v_pattern_5, nicolae_vaults_trapezoid_4, ontoclasm_vaults_shuriken,
          nicolae_vaults_surprise_closet, grunt_vaults_diagonal,
          nicolae_vaults_sesquioval_fish, nicolae_vaults_trapezoid_1,
          layout_vaults_omnigrid, uniq_bai_suzhen
Vaults:3: nicolae_vaults_apartment_1, nicolae_vaults_closet_pinwheel_3,
          hangedman_vaults_trim, nicolae_vaults_angled_halls,
          grunt_vaults_funnel, nicolae_vaults_security_offices_2,
          nicolae_vaults_little_squares_4, minmay_crypt_entry_necro_gods,
          v_misc_32, nicolae_vaults_little_squares_5, vaults_dpeg_ring,
          layout_vaults_big_room, uniq_donald, uniq_xtahua, uniq_margery
Vaults:4: v_misc_31, nicolae_vaults_diagonal_hallway_8, ontoclasm_vaults_bender,
          nicolae_vaults_storage_room_statues, v_alt_pattern_2,
          nicolae_vaults_little_squares_2, hangedman_vaults_pinch, v_rooms_4,
          nicolae_vaults_trapezoid_layered, v_misc_3,
          nicolae_vaults_enemy_cabinets, ontoclasm_vaults_ligature,
          hangedman_vaults_stream, vaults_room_hallway,
          hangedman_vaults_stretched_pinwheel, nicolae_vaults_shelves_hall,
          nicolae_vaults_back_hallway, layout_vaults_maze, serial_shops,
          nicolae_shop_window_shopping, uniq_mennas, uniq_frederick
Vaults:5: serial_shops
Crypt:1:  layout_misc_corridors, minmay_misc_feat_rows
Crypt:2:  layout_catacombs
Crypt:3:  due_elkab, layout_chaotic_city, nicolae_tomb_entry_rubble_hallway,
          uniq_sojobo
Depths:1: layout_gridlike, nicolae_hexahallways, pf_dread_powers_of_hell,
          serial_sigils_hangedman_gut, okawaru_altar_gauntlet_db,
          uniq_enchantress, uniq_mara
Depths:2: minmay_outward_triangles, layout_gridville, hell_entry, pan_entry,
          chequers_serial_rivers_micro_a, serial_shops, shop,
          nemelex_lonely_heart_becter, serial_bayou_shore_b,
          infiniplex_staircase_9_rooms, uniq_aizul
Depths:3: minmay_polygon_palace, layout_basic, enter_ziggurat_f,
          abyss_entry_flame_altar, nicolae_water_bricks, pf_hell_entry_tar_river
Depths:4: grunt_zot_entry_tricorne, layout_gridlike, lightli_too_deep,
          grunt_pan_entry_in_and_out, minmay_misc_feat_doors,
          nicolae_elyvilon_temple_path, grunt_megastairs_2, uniq_parghit,
          uniq_josephina
Zot:1:    layout_cathedral_of_symmetry
Zot:2:    gammafunk_mikee_crab_dinner, layout_basic
Zot:3:    layout_gridlike, gammafunk_ghost_split, hangedman_snake_sidewinding
Zot:4:    layout_twisted_circle, uniq_grunn
Zot:5:    layout_concentric_octagons, st_stairs_14,
          hangedman_zot_decor_scrapings

Skill      XL: |  1  2  3  4  5  6  7  8  9 10 11 12 13 14 15 16 17 18 19 20 21 22 23 24 25 26 27 |
---------------+----------------------------------------------------------------------------------+-----
Invocations    | 1 2 3 4 5 6 7 8 9 10 11 12 13 14 15 16 17 18 19 20 21 | 21.8
Short Blades   | 1 2 3 4 5 6 7 8 9 10 11 12 13 14 15 16 17 18 20 | 20.2
Long Blades    | 1 2 3 4 5 6 7 8 9 10 11 12 13 14 15 16 17 18 20 | 20.2
Axes           | 1 2 3 4 5 6 7 8 9 10 11 12 13 14 15 16 17 18 20 | 20.2
Polearms       | 1 2 3 4 5 6 7 8 9 10 11 12 13 14 15 16 17 18 20 | 20.2
Staves         | 1 2 3 4 5 6 7 8 9 10 11 12 13 14 15 16 17 18 20 | 20.2
Ranged Weapons | 1 2 3 4 5 6 7 8 9 10 11 12 13 14 15 16 17 18 20 | 20.2
Throwing       | 1 2 3 4 5 6 7 8 9 10 11 12 13 14 15 16 17 18 20 | 20.2
Armour         | 1 2 3 4 5 6 7 8 9 10 11 12 13 14 15 16 17 18 20 | 20.2
Dodging        | 1 2 3 4 5 6 7 8 9 10 11 12 13 14 15 16 17 18 20 | 20.2
Stealth        | 1 2 3 4 5 6 7 8 9 10 11 12 13 14 15 16 17 18 20 | 20.2
Shields        | 1 2 3 4 5 6 7 8 9 10 11 12 13 14 15 16 17 18 20 | 20.2
Unarmed Combat | 1 2 3 4 5 6 7 8 9 10 11 12 13 14 15 16 17 18 20 | 20.2
Evocations     | 1 2 3 4 5 6 7 8 9 10 11 12 13 14 15 16 17 18 20 | 20.2
Spellcasting   | 3 4 5 6 7 8 9 10 11 12 13 14 15 16 17 18 20 | 20.3
Conjurations   | 1 2 3 4 5 6 7 8 9 10 11 12 13 14 15 17 | 17.2
Hexes          | 1 2 3 4 5 6 7 8 9 10 11 12 13 14 15 17 | 17.2
Summonings     | 1 2 3 4 5 6 7 8 9 10 11 12 13 14 15 17 | 17.2
Necromancy     | 1 2 3 4 5 6 7 8 9 10 11 12 13 14 15 16 17 18 19 21 | 21.4
Translocations | 1 2 3 4 5 6 7 8 9 10 11 12 13 14 15 17 | 17.2
Transmutations | 1 2 3 4 5 6 7 8 9 10 11 12 13 14 15 17 | 17.2
Ice Magic      | 1 2 3 4 5 6 7 8 9 10 11 12 13 14 15 17 | 17.2
Air Magic      | 1 2 3 4 5 6 7 8 9 10 11 12 13 14 15 17 | 17.2
Earth Magic    | 1 2 3 4 5 6 7 8 9 10 11 12 13 14 15 17 | 17.2
Poison Magic   | 1 2 3 4 5 6 7 8 9 10 11 12 13 14 15 17 | 17.2
Fighting       | 7 8 9 10 11 12 13 14 15 16 17 18 19 21 | 21.0
Maces & Flails | 7 8 9 10 11 12 13 14 15 16 17 18 19 21 | 21.0
Fire Magic     | 6 7 8 9 10 11 12 13 14 15 16 18 | 18.0

Action                     |  1- 3 |  4- 6 |  7- 9 | 10-12 | 13-15 | 16-18 | 19-21 | 22-24 | 25-27 || total
---------------------------+-------+-------+-------+-------+-------+-------+-------+-------+-------++-------
  Melee: Mace              |    97 |    31 |    82 |       |       |       |       |       |       ||   210
         Bite              |     3 |     4 |    20 |    25 |    83 |    84 |   191 |   273 |   290 ||   973
         Punch             |       |     1 |       |       |       |       |       |       |       ||     1
         Flail             |       |       |    25 |   207 |       |       |       |       |       ||   232
         Demon whip        |       |       |       |       |   508 |   196 |   650 |   313 |   629 ||  2296
         Staff             |       |       |       |       |    25 |   202 |   287 |   276 |   513 ||  1303
         Dagger            |       |       |       |       |    16 |       |       |       |       ||    16
         Broad axe         |       |       |       |       |       |     7 |       |       |       ||     7
         Sacred scourge    |       |       |       |       |       |       |       |   731 |    70 ||   801
         Kick              |       |       |       |       |       |       |       |       |    42 ||    42
  Throw: Dart              |       |     2 |       |    12 |     1 |    11 |     1 |       |       ||    27
         Stone             |       |       |    27 |    16 |     7 |       |       |       |       ||    50
         Javelin           |       |       |     4 |     1 |     1 |     4 |     3 |       |     7 ||    20
         Boomerang         |       |       |     7 |       |     8 |       |    13 |     6 |    12 ||    46
   Cast: Scorch            |    19 |    46 |   141 |   301 |   210 |   103 |     5 |       |       ||   825
         Inner Flame       |       |       |     8 |    25 |    23 |     4 |    37 |    16 |       ||   113
         Summon Lightning  |       |       |       |     6 |   132 |   123 |    63 |    31 |    28 ||   383
         Teleport Other    |       |       |       |     3 |       |       |       |       |       ||     3
         Confusing Touch   |       |       |       |     2 |     1 |       |       |       |       ||     3
         Wereblood         |       |       |       |       |     5 |       |     1 |     1 |     4 ||    11
         Borgnjor's Vile C |       |       |       |       |    81 |   227 |   166 |   187 |   222 ||   883
         Vhi's Electric Ch |       |       |       |       |     2 |     1 |     1 |     3 |     4 ||    11
         Yara's Violent Un |       |       |       |       |     1 |       |    29 |    19 |     9 ||    58
         Arcjolt           |       |       |       |       |       |     2 |     2 |     3 |    30 ||    37
         Enfeeble          |       |       |       |       |       |     2 |     5 |     4 |    22 ||    33
         Passwall          |       |       |       |       |       |     1 |       |       |     1 ||     2
         Statue Form       |       |       |       |       |       |       |    20 |    35 |    20 ||    75
         Maxwell's Capacit |       |       |       |       |       |       |       |     1 |    31 ||    32
         Summon Horrible T |       |       |       |       |       |       |       |       |    43 ||    43
         Plasma Beam       |       |       |       |       |       |       |       |       |   167 ||   167
         Blink             |       |       |       |       |       |       |       |       |     4 ||     4
 Invoke: Foxfire Swarm     |       |       |       |     1 |       |       |       |       |       ||     1
         Fiery Armour      |       |       |       |     1 |       |       |       |       |       ||     1
         Rising Flame      |       |       |       |       |     1 |       |       |       |       ||     1
         Bend Time         |       |       |       |       |     1 |       |       |       |       ||     1
         Slouch            |       |       |       |       |     1 |     4 |     1 |     1 |     8 ||    15
         Step From Time    |       |       |       |       |       |     2 |       |       |     3 ||     5
  Evoke: Wand              |       |       |       |    11 |    17 |    20 |     6 |     4 |    19 ||    77
         Box of beasts     |       |       |       |       |       |     1 |       |       |     1 ||     2
         Condenser vane    |       |       |       |       |       |       |       |       |     2 ||     2
         Lightning rod     |       |       |       |       |       |       |       |       |     2 ||     2
         Phial of floods   |       |       |       |       |       |       |       |       |     1 ||     1
         Phantom mirror    |       |       |       |       |       |       |       |       |     1 ||     1
    Use: Scroll            |       |       |     9 |     4 |    21 |    19 |     7 |     3 |    30 ||    93
         Potion            |       |       |       |     2 |     6 |     6 |     1 |     1 |    14 ||    30
   Stab: Sleeping          |       |       |       |     3 |     1 |     1 |    17 |    17 |     4 ||    43
         Invisible         |       |       |       |     2 |       |     1 |       |     1 |       ||     4
         Confused          |       |       |       |     1 |       |       |       |       |       ||     1
         Distracted        |       |       |       |       |    10 |    12 |    12 |    11 |    22 ||    67
 Armour: Robe              |    10 |     1 |    36 |   220 |   186 |     4 |       |       |       ||   457
         Leather armour    |       |     8 |     2 |       |       |       |       |       |       ||    10
         Troll leather arm |       |       |       |       |       |   137 |    64 |    22 |       ||   223
         Skin              |       |       |       |       |       |       |    91 |   114 |   138 ||   343
         Ice dragon scales |       |       |       |       |       |       |    26 |       |       ||    26
         Chain mail        |       |       |       |       |       |       |       |   286 |   490 ||   776
  Dodge: Dodged            |    55 |    21 |    72 |   287 |   375 |   429 |   558 |   764 |   937 ||  3498
  Block: Buckler           |       |       |    29 |   135 |   208 |    19 |       |       |       ||   391
         Kite shield       |       |       |       |       |       |   493 |   945 |  1167 |  1354 ||  3959
         Reflection        |       |       |       |       |       |     1 |    67 |       |       ||    68

Table legend: (Time is in decaauts)
 A = Elapsed time spent in this place.
 B = Non-inter-level travel time spent in this place.
 C = Inter-level travel time spent in this place.
 D = Time resting spent in this place.
 E = Time spent auto-exploring this place.
 F = Levels seen in this place.
 G = Mean time per level.
                   A        B        C        D        E       F      G
               +--------+--------+--------+--------+--------+-----+--------+
         Total | 135235 | 119610 |  15625 |  40027 |  51817 |  62 | 2181.2 |
       Dungeon |  31999 |  26585 |   5414 |  11103 |  11050 |  15 | 2133.3 |
        Temple |    154 |    140 |     14 |      0 |    131 |   1 |  154.0 |
          Lair |  14611 |  12867 |   1744 |   7179 |   3824 |   5 | 2922.2 |
         Swamp |   6493 |   5891 |    602 |   2066 |   2343 |   4 | 1623.2 |
   Spider Nest |  11844 |  11250 |    594 |   4976 |   3846 |   4 | 2961.0 |
    Slime Pits |   4436 |   4094 |    342 |    665 |   2604 |   5 |  887.2 |
  Orcish Mines |   5728 |   4585 |   1143 |   2365 |    918 |   2 | 2864.0 |
   Elven Halls |   8393 |   7109 |   1284 |   1342 |   3644 |   3 | 2797.7 |
        Vaults |  17038 |  15474 |   1564 |   4823 |   7253 |   5 | 3407.6 |
         Crypt |   6557 |   6215 |    342 |    580 |   3140 |   3 | 2185.7 |
        Depths |   9737 |   8310 |   1427 |    931 |   5071 |   4 | 2434.2 |
           Zot |  13588 |  12436 |   1152 |   2804 |   7147 |   5 | 2717.6 |
         Abyss |   2163 |   2163 |      0 |     79 |    616 |   3 |  721.0 |
        Bazaar |    677 |    677 |      0 |    199 |      0 |   1 |  677.0 |
       Ossuary |    497 |    497 |      0 |    297 |      0 |   1 |  497.0 |
      Ice Cave |   1312 |   1312 |      0 |    614 |    226 |   1 | 1312.0 |
               +--------+--------+--------+--------+--------+-----+--------+

Top non-repeatable levels by time:
   Zot:5: 4908 daAuts
  Lair:1: 4742 daAuts
Vaults:4: 4705 daAuts
   Orc:2: 4383 daAuts
Spider:4: 3727 daAuts
Vaults:2: 3549 daAuts
Vaults:1: 3432 daAuts
Depths:4: 3316 daAuts
Spider:1: 3289 daAuts
     D:8: 3270 daAuts
Depths:3: 3142 daAuts
   Elf:3: 3074 daAuts
    D:13: 2934 daAuts
   Zot:3: 2922 daAuts
    D:14: 2917 daAuts
